 Dungeon Sprint DCSS version 0.17-a0-1046-ga09e34d (webtiles) character file.

672 drasked the Unseen (level 7, 0/32 HPs)
             Began as a Spriggan Enchanter on May 15, 2015.
             Was an Initiate of Dithmenos.
             Slain by a hellwing (6 damage)
             ... summoned by a kobold demonologist
             ... while paralysed by a giant eyeball
             ... in the Dungeon (Sprint I: "Red Sonja").
             The game lasted 00:03:55 (422 turns).

drasked the Unseen (Spriggan Enchanter)              Turns: 422, Time: 00:03:56

Health: 0/32       AC:  3    Str:  4    XL:     7   Next: 32%
Magic:  0/17       EV:  4    Int: 18    God:    Dithmenos [......]
Gold:   270        SH:  0    Dex: 17    Spells: 3 memorised, 13 levels left

rFire  . . .     SeeInvis +     a - +1 dagger
rCold  . . .     Clarity  .     b - +1 robe
rNeg   . . .     SustAb   .     (shield restricted)
rPois  .         Gourm    .     (helmet restricted)
rElec  .         Spirit   .     (no cloak)
rCorr  .         Warding  .     (gloves unavailable)
rMut   .         NoTele   +     (boots unavailable)
MR     +....                    (no amulet)
Stlth  ++++++++..               (no ring)
                                (no ring)

@: paralysed, lethally poisoned (0 -> -9), very slightly contaminated, very
quick, somewhat resistant to hostile enchantments, extraordinarily stealthy
A: unfitting armour, see invisible, herbivore 3, speed 3, slow metabolism 2
a: Renounce Religion


You were in the Dungeon.
You worshipped Dithmenos.
Dithmenos was noncommittal.
You were not hungry.

You visited 1 branch You collected 270 gold pieces.

Inventory:

Hand weapons
 a - a +1 dagger (weapon)
Armour
 b - a +1 robe (worn)
Scrolls
 j - a scroll of blinking {!r}
Potions
 e - a potion of curing
 f - a potion of heal wounds
 g - a potion of haste
 h - 2 potions of magic
 i - a potion of berserk rage {!q}
Books
 c - a book of Maledictions
Comestibles
 d - a bread ration {@e1}


   Skills:
 + Level 9.6 Short Blades
 - Level 3.0 Dodging
 * Level 18.0 Stealth
 + Level 6.5 Spellcasting
 - Level 3.6 Hexes


You had 13 spell levels left.
You knew the following spells:

 Your Spells              Type           Power        Failure   Level  Hunger
a - Ensorcelled Hibernat  Hex/Ice        ##....       12%         2    None
c - Confuse               Hex            ###.....     10%         3    ##.....
v - Corona                Hex            ###....      2%          1    None


Dungeon Overview and Level Annotations

Branches:
Dungeon (1/1)

Altars:
Cheibriados
Dithmenos
Fedhas
Jiyva


Innate Abilities, Weirdness & Mutations

You are tiny and cannot use many weapons and most armour.
You have supernaturally acute eyesight.
You are a herbivore.
You cover ground extremely quickly.
You need consume almost no food.


Message History

Found four altars.
There is an open door here.
The helpless slime creature fails to defend itself.
You spit the slime creature like a pig!!!!
You kill the slime creature!
Your Short Blades skill increases to level 8!
Your Stealth skill increases to level 16!
Your Spellcasting skill gained 3 levels and is now at level 5!
There is a shadowy altar of Dithmenos here.
You aren't carrying any pieces of jewellery.
Unknown command.
You kneel at the altar of Dithmenos.
Dithmenos welcomes you!
You open the door.
There is an open door here.
You now have 189 gold pieces (gained 27).
You now have 216 gold pieces (gained 27).
You now have 243 gold pieces (gained 27).
You now have 270 gold pieces (gained 27).
You open the door.
A giant eyeball and a kobold demonologist come into view.
A kobold demonologist comes into view. It is wielding an enchanted dagger.
The kobold demonologist shouts!
The giant eyeball turns its gaze towards you.
The kobold demonologist shouts!
The kobold demonologist mumbles some strange words.
There is an open door here.
Aim: a kobold demonologist, wielding an enchanted dagger and wearing a robe (chance to defeat MR: 26%)
The kobold demonologist resists with almost no effort.
The kobold demonologist mumbles some strange words.
You feel a wave of unholy energy pass over you.
You now have 11/14 mp.
Aim: a kobold demonologist, wielding an enchanted dagger and wearing a robe (chance to defeat MR: 26%)
You miscast Ensorcelled Hibernation.
You are very lightly contaminated with residual magic.
Your hands glow momentarily.
The kobold demonologist becomes somewhat translucent.
You now have 9/14 mp.
You don't know that spell.
Aim: a kobold demonologist, wielding an enchanted dagger and wearing a robe (chance to defeat MR: 26%)
The kobold demonologist looks drowsy...
The crimson imp blinks!
The iron imp hits you.
You take 1 damage, and have 27/28 hp.
You now have 7/14 mp.
The helpless kobold demonologist fails to defend itself.
You spit the kobold demonologist like a pig!!!!
You kill the kobold demonologist!
Dithmenos accepts your kill.
Your Short Blades skill increases to level 9!
Your Stealth skill gained 2 levels and is now at level 18!
Your Spellcasting skill increases to level 6!
You have reached level 7!
The crimson imp blinks!
You regained 3 hp, and now have 30/32 hp.
The kobold demonologist barely misses you.
The iron imp misses you.
Things that are here:
an enchanted dagger; a robe; a kobold corpse
Aim: a kobold demonologist, wielding a dagger of venom and wearing a robe (chance to defeat MR: 26%)
The kobold demonologist looks drowsy...
The iron imp closely misses you. The giant eyeball gazes at you.
You suddenly lose the ability to move!
The iron imp hits you.
The kobold demonologist becomes somewhat translucent.
The iron imp hits you!
The kobold demonologist hits you but does no damage.
You are poisoned.
The crimson imp hits you.
You can move again.
You take 10 damage, and have 20/32 hp.
MASSIVE DAMAGE!!
You now have 6/17 mp.
Aim: a kobold demonologist, wielding a dagger of venom and wearing a robe (chance to defeat MR: 26%)
The kobold demonologist is unaffected.
You feel sick.
The kobold demonologist hits you but does no damage.
The iron imp misses you. The crimson imp hits you.
You take 5 damage, and have 15/32 hp.
You now have 4/17 mp.
Aim: a giant eyeball (chance to defeat MR: 51%)
The giant eyeball resists with some effort.
You feel sick.
The kobold demonologist casts a spell.
The iron imp closely misses you.
The crimson imp hits you but does no damage.
You take 1 damage, and have 14/32 hp.
You now have 2/17 mp.
Aim: a giant eyeball (chance to defeat MR: 51%)
The giant eyeball resists with some effort.
The kobold demonologist hits you with a dagger of venom.
The crimson imp closely misses you. The iron imp misses you.
You take 2 damage, and have 12/32 hp.
You now have 0/17 mp.
You hit the giant eyeball. The giant eyeball gazes at you.
You suddenly lose the ability to move!
The kobold demonologist hits you with a dagger of venom.
* * * LOW HITPOINT WARNING * * *
You are lethally poisoned!
* * * LOW HITPOINT WARNING * * *
You feel sick. The crimson imp hits you.
* * * LOW HITPOINT WARNING * * *
The hellwing hits you.
You die...

####################
'..#.)'..#__#..55K.#
#.)'..#..'..'..#@4.#
##'#####+#_5####G..+
#..# #### ##### ####


You could see a hellwing, a kobold demonologist, a giant eyeball, an iron imp
and a crimson imp.

Vanquished Creatures
  A kobold demonologist (D)
  A slime creature (D)
  Sigmund (D)
  An ogre (D)
  Ijyb (D)
5 creatures vanquished.

Notes
Turn   | Place    | Note
--------------------------------------------------------------
     0 | D        | drasked the Spriggan Enchanter began the quest for the Orb.
     0 | D        | Reached XP level 1. HP: 9/9 MP: 5/5
     2 | D        | Noticed Ijyb
    57 | D        | Killed Ijyb
    57 | D        | Reached skill level 3 in Short Blades
    57 | D        | Reached skill level 8 in Stealth
    57 | D        | Reached XP level 2. HP: 4/13 MP: 6/6
   261 | D        | Noticed an ogre
   268 | D        | Learned a level 2 spell: Ensorcelled Hibernation
   274 | D        | Killed an ogre
   274 | D        | Reached skill level 5 in Short Blades
   274 | D        | Reached skill level 12 in Stealth
   274 | D        | Reached XP level 3. HP: 16/16 MP: 0/8
   274 | D        | Reached XP level 4. HP: 21/21 MP: 0/9
   367 | D        | Noticed Sigmund
   370 | D        | Killed Sigmund
   370 | D        | Reached skill level 7 in Short Blades
   370 | D        | Reached skill level 15 in Stealth
   370 | D        | Reached XP level 5. HP: 24/24 MP: 10/10
   370 | D        | Reached XP level 6. HP: 28/28 MP: 11/11
   376 | D        | Learned a level 3 spell: Confuse
   388 | D        | Found a snail-covered altar of Cheibriados.
   388 | D        | Found a viscous altar of Jiyva.
   388 | D        | Found a shadowy altar of Dithmenos.
   388 | D        | Found a blossoming altar of Fedhas.
   388 | D        | Noticed a slime creature
   391 | D        | Killed a slime creature
   391 | D        | Reached skill level 8 in Short Blades
   391 | D        | Reached skill level 16 in Stealth
   391 | D        | Reached skill level 5 in Spellcasting
   394 | D        | Became a worshipper of Dithmenos the Shadowed
   407 | D        | Noticed a kobold demonologist
   408 | D        | Noticed a kobold demonologist
   412 | D        | Killed a kobold demonologist
   412 | D        | Reached skill level 9 in Short Blades
   412 | D        | Reached skill level 18 in Stealth
   412 | D        | Reached skill level 6 in Spellcasting
   412 | D        | Reached XP level 7. HP: 30/32 MP: 7/17
   414 | D        | Paralysed by a giant eyeball for 4 turns
   420 | D        | Noticed a hellwing
   421 | D        | Paralysed by a giant eyeball for 2 turns
   422 | D        | HP: 8/32 [poisoned by a kobold demonologist]
   422 | D        | Slain by a hellwing

Vault maps used:
D:        dungeon_sprint_1

Action                   |  1- 3 |  4- 6 |  7- 9 || total
-------------------------+-------+-------+-------++-------
Melee: Dagger            |    54 |     3 |     1 ||    58
 Cast: Ensorcelled Hiber |     2 |     2 |     4 ||     8
 Stab: Sleeping          |     2 |     3 |       ||     5

Vault maps used:
D:        dungeon_sprint_1

Table legend:
 A = Turns spent in this place as a percentage of turns spent in the entire game.
 B = Non-inter-level travel turns spent in this place as a percentage of non-inter-level travel turns spent in the entire game.
 C = Inter-level travel turns spent in this place as a percentage of turns spent in this place.
 D = Turns resting spent in this place as a percentage of non-inter-level travel turns spent in this place.
 E = Turns spent auto-exploring this place as a percentage of non-inter-level travel turns spent in this place.
 F = Non-inter-level travel turns spent in this place divided by the number of levels of this place that you've seen.
                   A       B       C       D       E      F
               +-------+-------+-------+-------+-------+----------------------
         Total | 100.0 | 100.0 |   0.0 |   3.5 |   0.0 | 142.0
       Dungeon | 100.0 | 100.0 |   0.0 |   3.5 |   0.0 | 142.0
               +-------+-------+-------+-------+-------+----------------------

Table legend:
 A = Kills in this place as a percentage of kills in entire the game.
 B = Kills by you in this place as a percentage of kills by you in the entire game.
 C = Kills by friends in this place as a percentage of kills by friends in the entire game.
 D = Other kills in this place as a percentage of other kills in the entire game.
 E = Experience gained in this place as a percentage of experience gained in the entire game.
 F = Experience gained in this place divided by the number of levels of this place that you have seen.
                   A       B       C       D       E      F
               +-------+-------+-------+-------+-------+----------------------
         Total | 100.0 | 100.0 |  -nan |  -nan | 100.0 | 960.0
       Dungeon | 100.0 | 100.0 |  -nan |  -nan | 100.0 | 960.0
               +-------+-------+-------+-------+-------+----------------------
